puck, lawful female human Valkyrie -- --.-- ---- --.... |..| .....-- |..| -...... ---..| ...... |....| ---------...... ---- ---.--.| ...G...|(.....-------..-- |...||.| ---- -.....................^......| |.---|.| |..-- | -------......-..----.----.| |.| |.| |...| |.....h....--...-- |.| |.| |.| |.--- -...............| |.| |.| |.| |.| |.........()--..| |.| |.| |.| |.| --.G.........||..| |.--|.| |.| --.| -.........G@------ |...|.| |.-----|..| --- -..........%.- ---.|.| |.....||..| --.| ................. |...| ---...---.---.<| ......................--.. --..| |............| ---. ----.........-- --. |..| --------..|.-- | --.---.--- -- ---- ------ -- -- puck the Skirmisher Experience level: 3 Strength: 18 Dexterity: 13 Constitution: 15 Intelligence: 9 Wisdom: 12 Charisma: 8 Health: 0(26) Energy: 7(7) Def: 4 Gold: 299 Moves: 1229 Dungeon seed: udcrLrFs7BJ5Mpf1 Game ID: puck_1559739946 Your Inventory: Coins $ - 299 gold pieces Weapons a - an uncursed +1 long sword (weapon in hand) b - an uncursed +0 dagger i - a cursed -4 orcish dagger Armor e - an uncursed +3 small shield (being worn) Comestibles c - 4 uncursed food rations j - an uncursed lichen corpse Potions f - an uncursed potion of oil Scrolls k - an uncursed scroll of amnesia l - an uncursed scroll of blank paper Tools d - an uncursed oil lamp (0:1479) g - a cursed magic lamp (lit) Spells and supernatural/magical abilities: Name Level Category Cost Memory W - pray for help -- divine ? -- Your skills at the end: Fighting Skills wands [Basic] Weapon Skills dagger [Basic] long sword [Basic] Spellcasting Skills Final Attributes: You were piously aligned. You were immune to cold. You were stunned. You were stealthy. Tyr was noncommittal. You are dead. Vanquished creatures: a gnome lord a giant bat a gas spore 2 giant rats 2 gnomes a jackal a goblin 3 grid bugs 3 lichens 6 newts 21 creatures vanquished. Voluntary challenges: You were an atheist. You used a wielded weapon 24 times, starting on turn 100. You were illiterate. You never genocided any monsters. You never polymorphed an object. You never changed form. You used no wishes. You never split a pudding. You never wrote Elbereth's name. You never violated your personal moral code. Dungeon overview: The Dungeons of Doom: levels 1 to 3 Level 1 a vault a long staircase Level 2 Level 3 stairs to The Gnomish Mines The Gnomish Mines: Level 4 <- You were here stairs to The Dungeons of Doom History has recorded: On T:1 you entered the Dungeons of Doom to retrieve the Amulet of Yendor! On T:365 you reached level 2 of The Dungeons of Doom. On T:543 you reached level 3 of The Dungeons of Doom. On T:699 you advanced to experience level 2. On T:1105 you reached level 1 of The Gnomish Mines. On T:1196 you advanced to experience level 3. Score breakdown: Gold: 299 ( 8426 points) Experience: 3 levels ( 7878 points) Exploration: 4 levels ( 8.16%) ( 7500 points) Discoveries: 0 items ( 0.00%) ( 0 points) Valuables value: (no points given unless you survive) Artifact value: 0 ( 0 points) Variety of kills: 10 monsters ( 2.63%) ( 4866 points) Turncount: 1229 turns ( 0 points) Survival: died (score multiplied by 80%) Total score: 22936 Latest messages: [2 turns] You finish eating the gnome lord corpse. [2 turns] You see here a male giant bat corpse. This male giant bat corpse tastes terrible! You finish eating the male giant bat corpse. [3 turns] Sparks fly as you whack the wall. The gnome wields a dagger! Sparks fly as you whack the wall. (2x) The gnome hits! The gnome thrusts his dagger at you. The gnome hits! You miss the gnome. You kill the gnome! The gnome thrusts his dagger at you. The gnome hits! You attack thin air. You miss the gnome. The gnome thrusts his dagger at you. The gnome hits! You die... For some reason, you think that you can almost hear the Wizard laugh manically... Final status: Farvel puck the Valkyrie, killed by a gnome... You died in The Gnomish Mines on dungeon level 4 with 22936 points, and 299 pieces of gold, after 1229 moves. You were level 3 with a maximum of 26 hit points when you died.